AoeStats
← CaptainPoups

Hideout

510046564Analyzed
1v1 RM · 3d ago on Sep 29, 2026· 33m 38s· 2 players
Game mode
Random Map
Map size
Tiny (2 player)
Population
200
Speed
Normal
Resources
Standard
Victory
Conquest
Starting age
Dark Age
Ending age
Imperial Age
RankedLock teamsTeams togetherTeam positionsShared explorationLock speedFull tech treeHidden civsTurbo modeCheats
Victory
Defeat
🇫🇷 Gurjaras · France
1519
+19
🇭🇰 Varangians · Hong Kong SAR China
1575
-19
CaptainPoups
8:57 Feudal Age
10:20 Double-Bit Axe
12:00 Horse Collar
13:56 Fletching
14:27 Gold Mining
21:33 Castle Age
20:30 Forging
21:54 Scale Barding Armor
21:50 Padded Archer Armor
22:41 Wheelbarrow
22:45 Thumb Ring
24:43 Hand Cart
24:24 Crossbowman
26:18 Heavy Plow
27:01 Husbandry
27:12 Bloodlines
29:19 Bow Saw
29:56 Ballistics
29:56 Bodkin Arrow
Archer_4794
10:11 Loom
14:08 Feudal Age
15:27 Double-Bit Axe
17:52 Castle Age
15:57 Man-at-Arms
17:09 Scale Mail Armor
17:03 Arson
18:26 Loom
18:35 Long Swordsman
19:01 Gambesons
19:16 Squires
20:25 Horse Collar
24:57 Bow Saw
26:09 Wheelbarrow
25:59 Heavy Plow
28:09 Hand Cart
27:39 Town Watch
31:18 Pikeman
31:58 Squires
Connection lost

Rejoining the realm…

Still unreachable

The connection could not be restored.

Session expired

The server has moved on; the page needs a fresh start.